 Dungeon Crawl Stone Soup version 0.17-a0-1850-g688e747 (webtiles) character file.

54 derrpe the Insei (level 3, 0/19 HPs)
             Began as a Vine Stalker Monk on Sept 18, 2015.
             Slain by a gnoll
             ... wielding a +0 spear
              (3 damage)
             ... on level 2 of the Dungeon.
             The game lasted 00:01:40 (890 turns).

derrpe the Insei (Vine Stalker Monk)                 Turns: 890, Time: 00:01:40

Health: 0/19       AC:  2    Str: 13    XL:     3   Next: 91%
Magic:  0/4        EV: 13    Int: 11    God:
Gold:   79         SH:  0    Dex: 16    Spells: 0 memorised, 2 levels left

rFire  . . .     SeeInvis +       - Unarmed
rCold  . . .     Clarity  .     a - +0 robe
rNeg   . . .     SustAt   .     (no shield)
rPois  .         Gourm    .     (no helmet)
rElec  .         Spirit   +     (no cloak)
rCorr  .         Warding  .     (no gloves)
rMut   .         Stasis   .     (no boots)
MR     .....                    (no amulet)
Stlth  ++........               (no ring)
                                i - ring of see invisible

@: not resistant to hostile enchantments, unstealthy
A: fangs 2, regeneration 1, magic shield, antimagic bite, no device heal 3, rot
immunity
a: no special abilities


You were on level 2 of the Dungeon.
You were not hungry.

You visited 1 branch of the dungeon, and saw 2 of its levels.

You collected 79 gold pieces.

Inventory:

Armour
 a - a +0 robe (worn)
Jewellery
 i - a ring of see invisible (left hand)
Scrolls
 c - 2 scrolls of teleportation {unknown}
 e - a scroll of enchant armour {unknown}
Potions
 d - a potion of degeneration {unknown}
 f - 2 potions of curing {unknown}
 h - a potion of magic {unknown}
 l - a potion of invisibility {unknown}
Comestibles
 b - a bread ration {@e1}
 g - a royal jelly
 j - 3 meat rations {@e2}
 k - 4 chunks of flesh {@w0}


   Skills:
 - Level 2.6 Fighting
 - Level 2.4 Dodging
 - Level 2.4 Stealth
 + Level 5.4 Unarmed Combat


You had 2 spell levels left.
You didn't know any spells.

Dungeon Overview and Level Annotations

Branches:
Dungeon (2/15)

Altars:


Innate Abilities, Weirdness & Mutations

You have extremely sharp teeth.
Your natural rate of healing is unusually fast.
When hurt, damage is shared between your health and your magic reserves.
Your bite disrupts and absorbs the magic of your enemies.
Potions and wands cannot restore your health.
You are immune to rotting.


Message History

The gnoll is severely wounded.
The gnoll hits you with a halberd! The gnoll closely misses you.
You hit the gnoll.
You kill the gnoll!
The gnoll hits you with a spear.
You see here a halberd.
You hit the gnoll.
The gnoll is moderately wounded.
The gnoll hits you with a spear!
* * * LOW HITPOINT WARNING * * *
The gnoll misses you.
You are too injured to fight recklessly!
You are too injured to fight recklessly!
You are too injured to fight recklessly!
You are too injured to fight recklessly!
You barely miss the gnoll.
The gnoll is lightly wounded.
The gnoll closely misses you.
The gnoll hits you from afar with a spear.
You die...

....##.#............#
....##...............
. ....#
###............(.
.....##.....####.##..#
.........<....#..##.##
......#######......(.#
###...# #.†.>##..
..##....# #. #......@#
..# #.......g..# ###
#..##...g#....# ...#
#....#.#### ... #.....
# .# ####... .... #...


You could see 2 gnolls.

Vanquished Creatures
  2 gnolls
  A worm (D:2)
  A giant cockroach (D:2)
  9 hobgoblins
  7 kobolds
  A bat (D:1)
  2 giant geckos (D:1)
  2 giant newts
  5 goblins (D:1)
  4 rats (D:1)
34 creatures vanquished.

Notes
Turn   | Place    | Note
--------------------------------------------------------------
     0 | D:1      | derrpe the Vine Stalker Monk began the quest for the Orb.
     0 | D:1      | Reached XP level 1. HP: 11/11 MP: 2/2
    84 | D:1      | Reached XP level 2. HP: 16/16 MP: 3/3
   455 | D:1      | Reached skill level 5 in Unarmed Combat
   455 | D:1      | Reached XP level 3. HP: 14/19 MP: 4/4
   890 | D:2      | Slain by a gnoll

Vault maps used:
D:1:      minmay_arrival_checkered_box, serial_forest,
          infiniplex_forest_end_double, infiniplex_forest_end_1,
          infiniplex_forest_zigzag_1, infiniplex_forest_lined_room_2,
          infiniplex_forest_lined_room_2, infiniplex_forest_lined_room_2,
          infiniplex_forest_straight_5, infiniplex_forest_lined_ring
D:2:      ecumenical_altar_1, roderic_aztec_sauvastika, minmay_misc_feat_rows

Action                   || total
-------------------------++-------
Melee: Unarmed           ||    95
 Stab: Sleeping          ||     3
